[Event "2nd Namma Bengaluru Open-A 2025"]
[Site "Bengaluru"]
[Date "2025.04.11"]
[Round "3.19"]
[White "Srihari L R"]
[Black "Bhoir Paras Dilip"]
[Result "0-1"]
[Annotator "ChessBase"]
[ECO "B53"]
[WhiteElo "2481"]
[BlackElo "2085"]
[PlyCount "96"]
[EventDate "2025.04.10"]
[EventType "swiss"]
[EventCountry "IND"]
[SourceTitle "playchess.com"]
[Source "ChessBase"]
[SourceQuality "1"]
[TimeControl "5400+30"]

1. e4 c5 2. Nf3 d6 3. d4 cxd4 4. Qxd4 a6 5. c4 Nc6 6. Qe3 g6 7. Be2 Bg7 8. O-O Bg4 9. Nc3 Rc8 10. b3 Bxf3 11. gxf3 Nd4 12. Rb1 e5 13. f4 Bh6 14. Nd5 Nf6 15. Qd3 Nxd5 16. exd5 Qh4 17. fxe5 Bxc1 18. Rbxc1 dxe5 19. f4 O-O 20. fxe5 Rce8 21. Rcd1 Nf5 22. Rxf5 gxf5 23. Qxf5 Kh8 24. d6 Rg8+ 25. Kh1 Re6 26. Qh5 Qe4+ 27. Bf3 Qe3 28. Bg2 Rxg2 29. Kxg2 Rg6+ 30. Qxg6 Qe2+ 31. Kg3 Qxe5+ 32. Kf3 hxg6 33. Rd5 Qf6+ 34. Kg3 Kg7 35. d7 Qd8 36. c5 Kf6 37. b4 Ke6 38. Rd6+ Ke7 39. h4 Qxd7 40. Rxd7+ Kxd7 41. Kf4 f6 42. Ke4 Kc6 43. Kd4 Kb5 44. Kd5 Kxb4 45. Ke6 f5 46. Ke5 Kxc5 47. Kf4 Kd5 48. Kg5 Ke6 0-1

[Event "2nd Namma Bengaluru Open-A 2025"]
[Site "Bengaluru"]
[Date "2025.04.11"]
[Round "3.20"]
[White "Kadam Arnav"]
[Black "Shahil Dey"]
[Result "0-1"]
[Annotator "ChessBase"]
[ECO "B28"]
[WhiteElo "1962"]
[BlackElo "2360"]
[PlyCount "98"]
[EventDate "2025.04.10"]
[EventType "swiss"]
[EventCountry "IND"]
[SourceTitle "playchess.com"]
[Source "ChessBase"]
[SourceQuality "1"]
[TimeControl "5400+30"]

1. e4 c5 2. Nf3 a6 3. c4 Nc6 4. d4 cxd4 5. Nxd4 e5 6. Nf5 d5 7. cxd5 Bxf5 8. exf5 Nd4 9. Bd3 Qxd5 10. O-O Rd8 11. Nd2 Nf6 12. a3 Be7 13. Re1 O-O 14. b4 b5 15. Rb1 Rfe8 16. h3 h6 17. Rb2 a5 18. Ne4 axb4 19. Nxf6+ Bxf6 20. Be4 Qc4 21. Rxb4 Qc8 22. Qg4 Qc3 23. Rf1 Kf8 24. Kh2 Be7 25. Rb1 Qc4 26. Be3 Ne2 27. Rb4 Bxb4 28. f6 gxf6 29. axb4 Nd4 30. Qh4 Qe6 31. Rc1 Ke7 32. f4 Rc8 33. Ra1 Kd7 34. fxe5 Qxe5+ 35. Bf4 Qxe4 36. Qxf6 Nf3+ 37. gxf3 Rc2+ 38. Kg3 Qg6+ 39. Qxg6 fxg6 40. Bxh6 Ree2 41. Rd1+ Ke6 42. Bf8 Rg2+ 43. Kf4 g5+ 44. Ke3 Rc3+ 45. Kd4 Rxf3 46. Bc5 Rf4+ 47. Ke3 Rg3+ 48. Ke2 Rxh3 49. Rd6+ Kf5 0-1

[Event "2nd Namma Bengaluru Open-A 2025"]
[Site "Bengaluru"]
[Date "2025.04.11"]
[Round "3.21"]
[White "Tarun V"]
[Black "Padmini, Rout"]
[Result "1/2-1/2"]
[Annotator "ChessBase"]
[ECO "D77"]
[WhiteElo "1917"]
[BlackElo "2354"]
[PlyCount "111"]
[EventDate "2025.04.10"]
[EventType "swiss"]
[EventCountry "IND"]
[SourceTitle "playchess.com"]
[Source "ChessBase"]
[SourceQuality "1"]
[TimeControl "5400+30"]

1. d4 Nf6 2. Nf3 g6 3. g3 Bg7 4. Bg2 O-O 5. O-O d5 6. c4 dxc4 7. Na3 Nc6 8. Nxc4 Be6 9. Nce5 Bd5 10. Bf4 a5 11. Nxc6 Bxc6 12. Be5 Bd5 13. Re1 c6 14. Qc2 Be4 15. Qb3 Qd7 16. a4 Bh6 17. Bxf6 exf6 18. e3 Rfe8 19. Nd2 Bxg2 20. Kxg2 Bf8 21. Rec1 Bb4 22. Qd3 Kg7 23. Rc2 Rad8 24. Nb3 Re7 25. Qc4 Qf5 26. Nc5 Bxc5 27. Qxc5 Qe4+ 28. Kg1 Rd5 29. Qc4 h5 30. Rac1 h4 31. Qf1 hxg3 32. hxg3 Re8 33. Qg2 Qd3 34. Rc3 Qd2 35. f4 Qxg2+ 36. Kxg2 f5 37. Kf3 Kf6 38. Rc5 Red8 39. g4 fxg4+ 40. Kxg4 Rxc5 41. Rxc5 Rd5 42. Rc3 Ke6 43. Kf3 Kd6 44. Rc2 Rh5 45. Ke4 Rh1 46. Kd3 Rd1+ 47. Kc4 Re1 48. Kd3 Ra1 49. b3 Rb1 50. Kc3 b5 51. axb5 cxb5 52. Ra2 Rc1+ 53. Kd2 Rb1 54. Kc2 Re1 55. Kd2 Rb1 56. Kc2 1/2-1/2

[Event "2nd Namma Bengaluru Open-A 2025"]
[Site "Bengaluru"]
[Date "2025.04.11"]
[Round "3.22"]
[White "Dzhumaev, Marat"]
[Black "Divith Reddy Adulla"]
[Result "1-0"]
[Annotator "ChessBase"]
[ECO "A00"]
[WhiteElo "2352"]
[BlackElo "1858"]
[PlyCount "119"]
[EventDate "2025.04.10"]
[EventType "swiss"]
[EventCountry "IND"]
[SourceTitle "playchess.com"]
[Source "ChessBase"]
[SourceQuality "1"]
[TimeControl "5400+30"]

1. g3 d5 2. Bg2 Nf6 3. d3 e6 4. e4 dxe4 5. dxe4 Qxd1+ 6. Kxd1 e5 7. f3 Nc6 8. c3 Be6 9. Nd2 O-O-O 10. Bh3 Bxh3 11. Nxh3 h6 12. Ke2 g5 13. Nf2 Be7 14. Nc4 Nd7 15. Ne3 Bc5 16. b4 Bxe3 17. Bxe3 Ne7 18. h4 f6 19. Rad1 Ng6 20. h5 Ne7 21. Rhg1 f5 22. exf5 Nxf5 23. Ne4 Nxe3 24. Kxe3 Nb6 25. Ke2 Nd5 26. Rd3 b5 27. Ra1 Nb6 28. Rxd8+ Rxd8 29. Rd1 Nd5 30. Ra1 Nb6 31. Nf6 Rd6 32. Ng4 Nc4 33. a4 Rd2+ 34. Kf1 Rd3 35. Kg2 bxa4 36. Rxa4 Nd2 37. Nxe5 Rxc3 38. Ra2 Re3 39. Ng4 Rd3 40. Nxh6 Nxf3 41. Ng4 Nd4 42. Rf2 Ne6 43. h6 Rd8 44. Rf7 Kb7 45. Re7 Nd4 46. Re5 Nc6 47. Rxg5 Rh8 48. b5 Nd4 49. Rd5 Ne6 50. Kf3 Kb6 51. Ke4 c6 52. bxc6 Kxc6 53. Rh5 Kd6 54. Ne5 Rh7 55. Kf5 a5 56. Kf6 a4 57. Nf7+ Kd7 58. Rd5+ Kc6 59. Kxe6 a3 60. Ra5 1-0

[Event "2nd Namma Bengaluru Open-A 2025"]
[Site "Bengaluru"]
[Date "2025.04.11"]
[Round "3.23"]
[White "Kavin E"]
[Black "John Veny Akkarakaran"]
[Result "0-1"]
[Annotator "ChessBase"]
[ECO "C01"]
[WhiteElo "1855"]
[BlackElo "2350"]
[PlyCount "96"]
[EventDate "2025.04.10"]
[EventType "swiss"]
[EventCountry "IND"]
[SourceTitle "playchess.com"]
[Source "ChessBase"]
[SourceQuality "1"]
[TimeControl "5400+30"]

1. e4 e6 2. d4 d5 3. exd5 exd5 4. Bd3 c5 5. c3 Nf6 6. Bf4 Nc6 7. Ne2 Be7 8. O-O O-O 9. Nd2 Bg4 10. dxc5 Bxc5 11. Qa4 h6 12. Ng3 Qd7 13. h3 Be6 14. Nf3 Rac8 15. Rad1 Ne5 16. Qxd7 Nxf3+ 17. gxf3 Bxd7 18. Nf5 Rfe8 19. Kh1 Rc6 20. Rg1 Bxf5 21. Bxf5 Bxf2 22. Rg2 Be3 23. Bh2 Bb6 24. Bf4 Kf8 25. h4 Re7 26. c4 Rxc4 27. Bg3 Nh5 28. Bh2 Bc7 29. Bxc7 Rexc7 30. Rxd5 Rxh4+ 31. Kg1 g6 32. Be4 Nf6 33. Rd8+ Ke7 34. Rh8 Rc1+ 35. Kf2 Nxe4+ 36. Ke3 Nd6 37. Re2 Kf6 38. Rd8 Nc4+ 39. Kf2 Rh2+ 40. Kg3 Rxe2 41. Rd7 Rg1+ 42. Kh3 Reg2 43. Rd4 Rg3+ 44. Kh2 Ne3 45. Rf4+ Kg5 46. Rg4+ Nxg4+ 47. fxg4 Kh4 48. g5 R3g2# 0-1

[Event "2nd Namma Bengaluru Open-A 2025"]
[Site "Bengaluru"]
[Date "2025.04.11"]
[Round "3.24"]
[White "Jaiswal, Sanskrit"]
[Black "Rajesh, V A V"]
[Result "0-1"]
[Annotator "ChessBase"]
[ECO "C47"]
[WhiteElo "1819"]
[BlackElo "2331"]
[PlyCount "102"]
[EventDate "2025.04.10"]
[EventType "swiss"]
[EventCountry "IND"]
[SourceTitle "playchess.com"]
[Source "ChessBase"]
[SourceQuality "1"]
[TimeControl "5400+30"]

1. e4 e5 2. Nf3 Nc6 3. d4 exd4 4. Nxd4 Nf6 5. Nc3 Bb4 6. Nxc6 bxc6 7. Bd3 O-O 8. O-O Re8 9. Qf3 d6 10. h3 Nd7 11. Bf4 Bxc3 12. bxc3 Qf6 13. Be2 Nc5 14. e5 dxe5 15. Be3 Nd7 16. Qg3 Nb6 17. c4 Be6 18. c5 Nd5 19. Bg5 Qg6 20. Rfe1 f6 21. Bh4 Qxg3 22. Bxg3 Nb4 23. Bf3 Bd5 24. Bxd5+ cxd5 25. Re2 Na6 26. Rd1 c6 27. c4 dxc4 28. Re4 Red8 29. Rxd8+ Rxd8 30. Rxc4 Rd1+ 31. Kh2 Rd4 32. Rc3 Ra4 33. a3 Nc7 34. Rd3 Ne6 35. f3 Nd4 36. Bf2 Kf7 37. f4 Ke6 38. fxe5 fxe5 39. Rg3 g6 40. Rg4 Kd5 41. h4 Rxa3 42. h5 gxh5 43. Rg5 Ra2 44. Kg1 Ne2+ 45. Kf1 Nf4 46. Bg3 Ra4 47. Bh2 h4 48. Rg4 h3 49. gxh3 Ra1+ 50. Kf2 Ra2+ 51. Kg1 Nxh3+ 0-1

[Event "2nd Namma Bengaluru Open-A 2025"]
[Site "Bengaluru"]
[Date "2025.04.11"]
[Round "3.25"]
[White "Sanket Chakravarty"]
[Black "Soboleva, Anastasia"]
[Result "1-0"]
[Annotator "ChessBase"]
[ECO "C01"]
[WhiteElo "2317"]
[BlackElo "1792"]
[PlyCount "63"]
[EventDate "2025.04.10"]
[EventType "swiss"]
[EventCountry "IND"]
[SourceTitle "playchess.com"]
[Source "ChessBase"]
[SourceQuality "1"]
[TimeControl "5400+30"]

1. c4 e5 2. e3 Nf6 3. Nc3 c6 4. d4 exd4 5. exd4 d5 6. Nf3 Bf5 7. Qb3 Qe7+ 8. Be3 Ng4 9. cxd5 Nxe3 10. fxe3 Qxe3+ 11. Be2 b6 12. dxc6 Nxc6 13. Qb5 Bd7 14. Nd5 Qe4 15. Nc7+ Kd8 16. Nxa8 Nxd4 17. Qd3 Nc2+ 18. Kd2 Qxd3+ 19. Bxd3 Nxa1 20. Rxa1 Bb4+ 21. Kd1 Bc6 22. Ne5 Bd5 23. Rc1 Re8 24. Nc6+ Bxc6 25. Rxc6 Re3 26. Kc2 Bc5 27. Nc7 Kd7 28. Bb5 Re2+ 29. Kd1 Rxb2 30. Rxc5+ Kd6 31. Rc6+ Kd7 32. Rc2+ 1-0

[Event "2nd Namma Bengaluru Open-A 2025"]
[Site "Bengaluru"]
[Date "2025.04.11"]
[Round "3.26"]
[White "Aronyak Ghosh"]
[Black "Deshmukh, Anup"]
[Result "1-0"]
[Annotator "ChessBase"]
[ECO "A11"]
[WhiteElo "2525"]
[BlackElo "2122"]
[PlyCount "105"]
[EventDate "2025.04.10"]
[EventType "swiss"]
[EventCountry "IND"]
[SourceTitle "playchess.com"]
[Source "ChessBase"]
[SourceQuality "1"]
[TimeControl "5400+30"]

1. d4 Nf6 2. c4 g6 3. g3 c6 4. Bg2 d5 5. Qa4 Bg7 6. cxd5 Nxd5 7. Nf3 O-O 8. O-O Bg4 9. Rd1 Nd7 10. Nc3 N5b6 11. Qc2 Qc8 12. h3 Bxf3 13. Bxf3 e5 14. dxe5 Nxe5 15. Bg2 Qe6 16. b3 Rfd8 17. Bg5 Rd7 18. Ne4 h6 19. Nc5 Rxd1+ 20. Rxd1 Qe8 21. Bc1 Qe7 22. f4 Nec4 23. Ne4 Na3 24. Qc5 Qxc5+ 25. Nxc5 Nb5 26. Nxb7 Nc3 27. Rd2 Rb8 28. Na5 Re8 29. Kf1 Nbd5 30. Bxd5 cxd5 31. Rc2 d4 32. Nc4 f5 33. Ba3 h5 34. Bb4 Nd5 35. Bd2 h4 36. gxh4 Bh6 37. Ne5 Kg7 38. Nf3 Bxf4 39. Bxf4 Nxf4 40. Nxd4 Kh6 41. Kf2 Re4 42. Rc4 Nxh3+ 43. Kg3 Nf4 44. Kf3 Nd5 45. Nc6 Re3+ 46. Kf2 Rh3 47. Ne5 Ne3 48. Rc6 Ng4+ 49. Nxg4+ fxg4 50. Ra6 Kh5 51. Rxa7 Rh2+ 52. Kg3 Rh3+ 53. Kf4 1-0

[Event "2nd Namma Bengaluru Open-A 2025"]
[Site "Bengaluru"]
[Date "2025.04.11"]
[Round "3.27"]
[White "Avadhoot Lokesh Bhakti Brahme"]
[Black "Chanda, Sandipan"]
[Result "1/2-1/2"]
[Annotator "ChessBase"]
[ECO "A85"]
[WhiteElo "2112"]
[BlackElo "2485"]
[PlyCount "84"]
[EventDate "2025.04.10"]
[EventType "swiss"]
[EventCountry "IND"]
[SourceTitle "playchess.com"]
[Source "ChessBase"]
[SourceQuality "1"]
[TimeControl "5400+30"]

1. d4 e6 2. Nf3 f5 3. c4 Nf6 4. Nc3 Bb4 5. Bd2 O-O 6. g3 d5 7. Bg2 c6 8. a3 Bd6 9. c5 Bc7 10. O-O Ne4 11. Bf4 Bxf4 12. gxf4 b6 13. Na4 Nd7 14. Rc1 b5 15. Nc3 a5 16. e3 b4 17. Ne2 Ba6 18. Re1 Bxe2 19. Qxe2 bxa3 20. bxa3 a4 21. Nd2 Nef6 22. Nf1 Qa5 23. Qd2 Qa7 24. Rb1 Rfb8 25. Qc2 Ne8 26. Ng3 Nc7 27. Bf1 Qa5 28. Rec1 Ne8 29. Ne2 Nef6 30. Nc3 Rb3 31. Rxb3 axb3 32. Qxb3 Qxa3 33. Qxa3 Rxa3 34. Rc2 Kf7 35. Na2 Rb3 36. Nc1 Rb1 37. Nd3 Ke7 38. f3 Ne8 39. Rb2 Rxb2 40. Nxb2 h6 41. Nd3 Kd8 42. h4 Kc7 1/2-1/2

[Event "2nd Namma Bengaluru Open-A 2025"]
[Site "Bengaluru"]
[Date "2025.04.11"]
[Round "3.28"]
[White "Goutham Krishna H"]
[Black "Ashwin Sairam"]
[Result "1-0"]
[Annotator "ChessBase"]
[ECO "A20"]
[WhiteElo "2449"]
[BlackElo "2074"]
[PlyCount "157"]
[EventDate "2025.04.10"]
[EventType "swiss"]
[EventCountry "IND"]
[SourceTitle "playchess.com"]
[Source "ChessBase"]
[SourceQuality "1"]
[TimeControl "5400+30"]

1. c4 e5 2. d3 Nf6 3. Nf3 Nc6 4. a3 a5 5. e3 d5 6. cxd5 Nxd5 7. b3 Be6 8. Bb2 f6 9. Qc2 Be7 10. Nbd2 O-O 11. Be2 Qe8 12. O-O Qg6 13. Rfd1 Kh8 14. Ne4 Bh3 15. Ng3 Be6 16. Kh1 Nb6 17. Ne4 a4 18. bxa4 Nxa4 19. Nc3 Nc5 20. Nd2 Na5 21. Rab1 Rfd8 22. Nce4 Nab3 23. Nc4 b5 24. Ncd2 Nxd2 25. Nxc5 Bxc5 26. Rxd2 Bxa3 27. Bxa3 Rxa3 28. Qxc7 Raa8 29. h3 Bd5 30. Bf1 Bc4 31. e4 f5 32. Rdd1 Ba2 33. exf5 Qxf5 34. Rxb5 Qxf2 35. Qxe5 Re8 36. Qb2 Qg3 37. Be2 Be6 38. Bf3 Rad8 39. Qe5 Qg6 40. Bh5 Bg4 41. Bxg6 Rxe5 42. Rxe5 Bxd1 43. Be4 g6 44. Rc5 Be2 45. Rc2 Bd1 46. Rc3 Kg7 47. Kg1 Rf8 48. Rc7+ Kh6 49. Kh2 Bb3 50. g4 Rf7 51. Rc5 Kg7 52. g5 Be6 53. Kg3 h6 54. h4 hxg5 55. Rxg5 Rf6 56. h5 Bf7 57. hxg6 Be8 58. Re5 Rf8 59. Re7+ Kf6 60. Rb7 Rg8 61. Kf4 Rf8 62. Rb6+ Kg7+ 63. Kg5 Rf1 64. Rb7+ Kf8 65. g7+ Kg8 66. Bd5+ Bf7 67. Bxf7+ Kxg7 68. Bc4+ Kh8 69. Rb6 Rg1+ 70. Kf4 Kg7 71. Ke5 Kf8 72. Rb8+ Ke7 73. Rb7+ Kd8 74. Rh7 Rb1 75. d4 Re1+ 76. Kd6 Kc8 77. Bd5 Kb8 78. Rh3 Rd1 79. Ra3 1-0

[Event "2nd Namma Bengaluru Open-A 2025"]
[Site "Bengaluru"]
[Date "2025.04.11"]
[Round "3.29"]
[White "Shreyash Singh"]
[Black "Harsh Suresh"]
[Result "0-1"]
[Annotator "ChessBase"]
[ECO "E04"]
[WhiteElo "2105"]
[BlackElo "2389"]
[PlyCount "90"]
[EventDate "2025.04.10"]
[EventType "swiss"]
[EventCountry "IND"]
[SourceTitle "playchess.com"]
[Source "ChessBase"]
[SourceQuality "1"]
[TimeControl "5400+30"]

1. d4 d5 2. c4 e6 3. Nf3 Nf6 4. g3 dxc4 5. Bg2 a6 6. O-O Nc6 7. Nbd2 b5 8. b3 c3 9. Nb1 b4 10. a3 Rb8 11. axb4 Bxb4 12. Qd3 e5 13. Nxc3 exd4 14. Ne4 O-O 15. Bb2 Nxe4 16. Qxe4 Rb6 17. Nxd4 Nxd4 18. Qxd4 Qxd4 19. Bxd4 c5 20. Be3 Be6 21. Rfb1 Rc8 22. Be4 a5 23. Ra2 g6 24. Rc2 Kg7 25. Kg2 f6 26. f3 g5 27. g4 h6 28. Bd3 Rbc6 29. Bc4 Bxc4 30. Rxc4 Re8 31. Re4 Rxe4 32. fxe4 c4 33. bxc4 Rxc4 34. Kf3 a4 35. Rd1 a3 36. Bd4 a2 37. Ba1 Bc3 38. Ke3 Kf7 39. Rf1 Bxa1 40. Rxa1 Ra4 41. Kd3 Ke6 42. Kc3 Ke5 43. Kb3 Ra8 44. Rxa2 Rxa2 45. Kxa2 Kxe4 0-1

[Event "2nd Namma Bengaluru Open-A 2025"]
[Site "Bengaluru"]
[Date "2025.04.11"]
[Round "3.30"]
[White "Nirvan Bhamidi"]
[Black "Vignesh B"]
[Result "1/2-1/2"]
[Annotator "ChessBase"]
[ECO "C07"]
[WhiteElo "2089"]
[BlackElo "2191"]
[PlyCount "223"]
[EventDate "2025.04.10"]
[EventType "swiss"]
[EventCountry "IND"]
[SourceTitle "playchess.com"]
[Source "ChessBase"]
[SourceQuality "1"]
[TimeControl "5400+30"]

1. e4 e6 2. d4 d5 3. Nd2 c5 4. exd5 Qxd5 5. dxc5 Qxc5 6. Ngf3 Nf6 7. Bd3 Bd6 8. Nc4 Bd7 9. b3 Be7 10. O-O Qc7 11. Bb2 Nc6 12. Nce5 Nxe5 13. Nxe5 Bc6 14. Qe2 O-O 15. Ng4 Qf4 16. Nxf6+ Bxf6 17. Bxf6 Qxf6 18. Be4 Qc3 19. Bxc6 bxc6 20. Qd3 Qa5 21. Rfd1 Rad8 22. Qc4 Qb6 23. Qe4 c5 24. c3 Qa5 25. Qc4 Rxd1+ 26. Rxd1 Qxa2 27. h3 h6 28. Rd7 Qb1+ 29. Kh2 Qf5 30. Kg1 a5 31. Qd3 Qg5 32. Qf3 Qe5 33. Ra7 Qe1+ 34. Kh2 Qa1 35. g3 Qa3 36. c4 Qb4 37. Rb7 Qe1 38. Kg2 f5 39. Rc7 Rd8 40. Qb7 Qe5 41. Rc8 Rxc8 42. Qxc8+ Kh7 43. h4 Qe4+ 44. Kh2 Qe5 45. Kg2 Qe4+ 46. Kh2 Qf3 47. Qxc5 Qxb3 48. Qxa5 Qxc4 49. Qe5 Qd5 50. Qf4 Kg6 51. Qb8 Qe4 52. f4 Kh5 53. Qb3 Qe2+ 54. Kh3 Qf1+ 55. Kh2 Kg4 56. Qxe6 Qh3+ 57. Kg1 Qxg3+ 58. Kh1 Qxh4+ 59. Kg1 Qg3+ 60. Kh1 Qf3+ 61. Kg1 Kh3 62. Qxh6+ Kg3 63. Qxg7+ Kxf4 64. Qc7+ Ke3 65. Qc3+ Ke4 66. Qc6+ Kf4 67. Qc7+ Kg4 68. Qg7+ Kh4 69. Qh6+ Kg3 70. Qh3+ Kf4 71. Qh6+ Ke5 72. Qg7+ Ke4 73. Qe7+ Kd4 74. Qf6+ Ke3 75. Qc3+ Kf4 76. Qc7+ Kg4 77. Qg7+ Kh4 78. Qh6+ Kg4 79. Qg7+ Kf4 80. Qc7+ Kg5 81. Qg7+ Kh4 82. Qh6+ Kg3 83. Qh3+ Kf4 84. Qh6+ Ke4 85. Qc6+ Ke3 86. Qc3+ Kf4 87. Qc7+ Ke3 88. Qc3+ Ke2 89. Qc2+ Ke1 90. Qc1+ Ke2 91. Qc2+ Ke3 92. Qc3+ Ke4 93. Qc6+ Kf4 94. Qc7+ Kg4 95. Qg7+ Kh3 96. Qh6+ Kg3 97. Qh3+ Kf4 98. Qh6+ Ke5 99. Qg7+ Ke6 100. Qg8+ Kd6 101. Qd8+ Kc5 102. Qc7+ Kd4 103. Qb6+ Kc3 104. Qc5+ Kd3 105. Qb5+ Kc3 106. Qc5+ Kd3 107. Qb5+ Kd4 108. Qb4+ Kd3 109. Qb5+ Kd4 110. Qb4+ Ke5 111. Qe7+ Kf4 112. Qc7+ 1/2-1/2